AoeStats
← andonihc9

Four Lakes

509769706Analyzed
1v1 RM · 4d ago on Sep 28, 2026· 14m 47s· 2 players
Game mode
Random Map
Map size
Tiny (2 player)
Population
200
Speed
Normal
Resources
Standard
Victory
Conquest
Starting age
Dark Age
Ending age
Imperial Age
RankedLock teamsTeams togetherTeam positionsShared explorationLock speedFull tech treeHidden civsTurbo modeCheats
Victory
Defeat
🇦🇺 Saxons · Australia
830
+15
🇲🇽 Byzantines · Mexico
813
-39
andonihc9
9:52 Loom
12:46 Feudal Age
13:54 Double-Bit Axe
MrDocBrown
8:47 Loom
11:01 Feudal Age
11:48 Double-Bit Axe
12:34 Horse Collar
12:17 Man-at-Arms
14:51 Forging
Connection lost

Rejoining the realm…

Still unreachable

The connection could not be restored.

Session expired

The server has moved on; the page needs a fresh start.